Map: Triton LE

Players

Clem - Winner!

  • Race: Terran Terran
  • Spawn Location: 5:00

JonSnow

  • Race: Zerg Zerg
  • Spawn Location: 11:00

VOD

Have the link to the VOD?

Description

Time

  • Played on: Sept. 6, 2019, 1:17 p.m.
  • Length: 8:25
Show
View Real Time Build Order
Export as new Build Order

Clem Terran - Winner!

Build Orders: Gas First Reaper Expand, Liberator Opening 

Get SALT Encoding   

  12  0:00  SCV  
  13  0:13  SCV  
  14  0:18  Supply Depot  
  14  0:25  SCV  
  15  0:31  Refinery  
  15  0:39  SCV  
  16  0:43  Barracks  
  16  0:51  SCV  
  17  1:03  SCV  
  18  1:15  SCV  
  19  1:30  Orbital Command, Reaper  
  20  1:42  Command Center  
  20  1:53  Factory  
  20  1:57  SCV  
  21  2:08  Barracks Reactor  
  21  2:09  SCV  
  21  2:13  Supply Depot  
  22  2:17  Refinery  
  22  2:21  SCV  
  23  2:35  SCV  
  24  2:44  Starport  
  24  2:47  SCV  
  24  2:49  Hellion x2  
  29  2:54  Orbital Command  
  29  2:57  Marine  
  30  3:00  SCV  
  31  3:11  Liberator  
  31  3:12  SCV, Hellion  
  34  3:13  Hellion  
  36  3:20  SCV  
  36  3:25  SCV  
  38  3:32  SCV  
  42  3:34  Supply Depot  
  43  3:41  SCV  
  43  3:43  Hellion  
  43  3:45  Barracks Tech Lab  
  43  3:47  SCV  
  46  3:52  Supply Depot  
  46  3:56  SCV, Hellion  
  46  3:59  SCV  
  50  4:03  Stimpack  
  50  4:09  SCV  
  51  4:10  Marine  
  51  4:12  SCV  
  51  4:13  Starport Reactor  
  51  4:15  Supply Depot  
  53  4:21  SCV  
  54  4:25  Command Center  
  54  4:26  SCV  
  54  4:30  Factory Tech Lab  
  55  4:31  Marine  
  55  4:33  SCV  
  55  4:36  Supply Depot  
  57  4:38  SCV  
  57  4:45  Barracks  
  58  4:46  Barracks  
  58  4:49  Marine  
  58  4:51  SCV  
  60  4:54  Refinery  
  60  4:55  Starport Reactor, Refinery  
  60  4:59  SCV  
  61  5:01  Siege Tank  
  64  5:07  Engineering Bay  
  64  5:08  Engineering Bay  
  64  5:15  Bunker  
  64  5:17  Bunker  
  64  5:20  SCV x2  
  64  5:21  Bunker  
  63  5:24  Marine  
  64  5:32  SCV, Supply Depot  
  64  5:34  Siege Tank  
  68  5:38  Marine x2  
  68  5:39  Orbital Command  
  68  5:41  Marine  
  70  5:44  Marine  
  70  5:45  Marine  
  70  5:49  Medivac x2  
  76  5:53  Combat Shield  
  76  5:59  Marine x2  
  76  6:00  SCV x2  
  80  6:06  Marine x2  
  80  6:07  Supply Depot  
  82  6:12  Siege Tank  
  81  6:18  Marine  
  81  6:20  SCV  
  81  6:21  Marine x2  
  81  6:24  Marine  
  81  6:25  SCV  
  78  6:28  Marine  
  70  6:32  SCV  
  70  6:36  Marine  
  71  6:44  SCV  
  71  6:46  SCV  
  73  6:47  Marine  
  73  6:48  Marine  
  73  6:50  SCV  
  73  6:54  Marine x2  
  77  6:56  SCV  
  77  6:59  SCV  
  77  7:00  Marine  
  81  7:03  SCV  
  81  7:06  Siege Tank  
  81  7:08  Marine, SCV  
  86  7:12  Supply Depot  
  83  7:16  SCV  
  83  7:19  Marine x4  
  88  7:23  SCV  
  89  7:33  SCV  
  89  7:35  Barracks  
  89  7:36  Barracks  
  86  7:38  Marine, Siege Tank  
  86  7:42  Marine  
  91  7:44  Marine x2, Orbital Command  
  93  7:52  Supply Depot x3  
  93  7:56  Armory  
  93  7:58  SCV x2  
  97  8:03  Marine  
  100  8:06  Marine x2  
  100  8:07  Marine  
  100  8:12  SCV  
  104  8:13  Supply Depot  
Show
View Real Time Build Order
Export as new Build Order

JonSnow Zerg 

Build Orders: Hatch First 

Get SALT Encoding   

  12  0:00  Drone  
  13  0:13  Overlord  
  13  0:17  Drone  
  14  0:32  Drone x2  
  16  0:47  Hatchery  
  15  0:52  Drone  
  15  0:55  Drone  
  17  0:58  Drone  
  18  1:09  Extractor  
  17  1:14  Spawning Pool  
  17  1:17  Drone  
  17  1:20  Drone  
  18  1:28  Drone  
  19  1:39  Drone  
  20  1:58  Overlord  
  20  2:00  Queen  
  20  2:01  Zergling x4  
  24  2:10  Metabolic Boost  
  24  2:12  Queen, Drone x2  
  28  2:23  Extractor  
  28  2:24  Drone x2  
  29  2:33  Zergling x2  
  30  2:39  Drone  
  30  2:43  Overlord  
  32  2:47  Pneumatized Carapace, Extractor  
  32  2:48  Queen  
  33  2:57  Drone x3  
  36  3:12  Drone x2  
  37  3:28  Drone x6  
  37  3:30  Queen  
  37  3:34  Hatchery  
  43  3:37  Drone  
  43  3:39  Lair  
  44  3:42  Overlord  
  44  3:47  Overlord  
  44  3:56  Roach Warren, Drone  
  44  4:01  Overlord  
  44  4:04  Zergling x4  
  44  4:05  Zergling x4  
  44  4:06  Drone  
  44  4:08  Drone  
  50  4:13  Drone  
  51  4:17  Extractor  
  51  4:18  Extractor  
  51  4:19  Drone x2  
  51  4:28  Overlord  
  50  4:41  Roach x6  
  62  4:49  Queen  
  62  4:51  Roach  
  65  4:57  Zergling x4, Roach  
  65  4:58  Zergling x2  
  67  5:06  Zergling x6  
  70  5:22  Zergling x18  
  79  5:29  Overlord  
  79  5:31  Overlord  
  79  5:35  Drone  
  80  5:42  Ravager  
  81  5:48  Ravager x3  
  81  5:49  Zergling x2  
  86  5:50  Zergling x4  
  86  5:51  Ravager  
  86  5:53  Queen  
  88  6:07  Ravager  
  88  6:11  Zergling x18  
  88  6:24  Zergling x8  
  68  6:32  Roach x5  
  72  6:34  Roach  
  74  6:42  Zergling x2  
  74  6:43  Zergling x4  
  77  6:52  Drone x3  
  76  6:57  Drone  
  76  6:58  Drone  
  79  7:01  Drone x3  
  79  7:10  Drone x2  
  81  7:16  Roach x2  
  81  7:17  Roach x3  
  81  7:18  Roach  
  93  7:27  Drone x4  
  96  7:37  Drone  
  96  7:41  Drone  
  96  7:42  Overlord  
  95  7:49  Baneling Nest, Evolution Chamber  
  95  7:50  Evolution Chamber  
  92  7:54  Overlord  
  92  7:56  Overlord  
  92  7:57  Overlord  
  91  8:05  Roach x2  
  97  8:07  Ravager, Overlord x2  
  98  8:14  Ravager x2  
Tags
 
Add a new tag
Caveats
  • Supply blocks, unpowered buildings, or Contaminate may cause inaccurate times.
  • Supply counts are checked every 10 seconds.